 Dungeon Crawl Stone Soup version 0.28-a0-477-g0b43c73ce0 (webtiles) character file.

Game seed: 6786305411362645045

46108 Dabor the Covert (level 14, -1/132 HPs)
             Began as a Naga Berserker on Sept 17, 2021.
             Was an Elder of Trog.
             Hit by a javelin thrown by a merfolk javelineer (10 damage)
             ... on level 1 of the Shoals.
             The game lasted 01:04:05 (27112 turns).

Dabor the Covert (Naga Berserker)                  Turns: 27112, Time: 01:04:06

Health: -1/132     AC: 28    Str: 28    XL:     14   Next: 36%
Magic:  14/14      EV:  6    Int:  8    God:    Trog [****..]
Gold:   92         SH:  9    Dex: 11    Spells: 13/13 levels left

rFire   . . .      SeeInvis +   H - +7 hand axe "Wytehep" {vamp, rPois rC+ Str+4}
rCold   + . .      Faith    +   p - +0 kite shield
rNeg    . . .      Spirit   .   E - +2 chain mail {Will+}
rPois   +          Reflect  .   x - +0 helmet
rElec   .          Harm     .   s - +0 cloak
rCorr   .          Rampage  .   i - +1 pair of gloves
Will    +....                   g - +4 barding {Stlth+}
Stlth   +++.......              n - amulet of faith
HPRegen 0.32/turn               u - ring of poison resistance
MPRegen 0.14/turn               F - ring of flight

@: about to teleport, weak-willed, flying, very slow
A: AC +4, large, see invisible, deformed body, poison resistance, slowness 2,
spit poison 1, naga tail 2
a: Spit Poison, Renounce Religion, Berserk, Trog's Hand, Brothers in Arms


You were on level 1 of the Shoals.
You worshipped Trog.
Trog was greatly pleased with you.
You visited 4 branches of the dungeon, and saw 16 of its levels.
You also visited: Sewer.

You collected 1153 gold pieces.
You spent 1061 gold pieces at shops.

Inventory:

Hand Weapons
 C - a +6 demon trident
 H - the +7 hand axe "Wytehep" (weapon) {vamp, rPois rC+ Str+4}
   (You bought it in a shop on level 8 of the Dungeon)

   It occasionally heals its wielder for a portion of the damage dealt when it
   wounds a living foe.
   Str:       It affects your strength (+4).
   rC:        It protects you from cold.
   rPois:     It protects you from poison.
Missiles
 j - 11 silver javelins
 l - 56 poisoned darts (quivered)
 t - 8 curare-tipped darts
 y - 17 boomerangs
 L - 2 silver boomerangs
Armour
 g - a +4 barding of stealth (worn)
 i - a +1 pair of gloves (worn)
 p - a +0 kite shield (worn)
 s - a +0 cloak (worn)
 x - a +0 helmet (worn)
 E - a +2 chain mail of willpower (worn)
Jewellery
 n - an amulet of faith (around neck)
 q - a ring of fire
 u - a ring of poison resistance (left hand)
 F - a ring of flight (right hand)
Wands
 a - a wand of paralysis (13)
 b - a wand of flame (24)
 z - a wand of iceblast (8)
 J - a wand of polymorph (5)
 K - a wand of mindburst (9)
Scrolls
 m - 6 scrolls of identify
 o - a scroll of immolation
 D - a scroll of magic mapping
Potions
 d - a potion of curing
 w - a potion of flight
 B - 2 potions of lignification
Miscellaneous
 I - a box of beasts (inert)


   Skills:
 + Level 10.1 Fighting
 * Level 12.6 Axes
 - Level 6.0 Throwing
 + Level 8.2 Armour
 + Level 8.3 Dodging
 + Level 14.1 Stealth
 + Level 5.6 Shields
 + Level 2.4 Evocations


You had 13 spell levels left.
You didn't know any spells.
Your spell library was empty.

Dungeon Overview and Level Annotations

Branches:
Dungeon (9/15)             Temple (0/1) D:6            Lair (4/6) D:9
 Shoals (2/4) Lair:4        Snake (1/4) Lair:3        Sewer (visited)
    Orc: D:9-12

Altars:
Ashenzari
Cheibriados
Elyvilon
Makhleb
Nemelex Xobeh
Okawaru
Ru
Sif Muna
Trog
Uskayaw
Vehumet
Xom

Shops:
D:8 [(!

Annotations:
Lair:4 1 transporter


Innate Abilities, Weirdness & Mutations

Your serpentine skin is tough. (AC +4)
You have supernaturally acute eyesight. (SInv)
Armour fits poorly on your strangely shaped body.
Your system is resistant to poisons. (rPois)
You cover ground very slowly.
You can spit poison.
You can use your snake-like lower body to constrict enemies.


Message History

The poisoned dart closely misses the merfolk javelineer.
You hear a splash.
The merfolk javelineer throws a javelin.
The javelin pierces through you.
Throw: 57 darts (poison)
Press: ? - help, Q - select action, (/) - cycle Shift-Dir - straight line, f/p - merfolk javelineer
Aim: a merfolk javelineer, wielding a +0 spear, wearing a +0 leather armour and quivering javelins (water, lightly wounded, very poisoned, 53% to hit)
You throw a poisoned dart.
The poisoned dart closely misses the merfolk javelineer.
You hear a splash.
The merfolk javelineer throws a javelin.
The javelin pierces through you!!
* * * LOW HITPOINT WARNING * * *
Okay, then.
The merfolk javelineer throws a javelin.
The javelin pierces through you but does no damage.
The merfolk javelineer throws a javelin.
The javelin completely misses you.
Aiming: Paralyse
Press: ? - help, Shift-Dir - straight line, f/p - merfolk javelineer
Aim: a merfolk javelineer, wielding a +0 spear, wearing a +0 leather armour and quivering javelins (water, lightly wounded, very poisoned, chance to affect: 20%)
Okay, then.
Aiming: Iceblast
Press: ? - help, Shift-Dir - straight line, p - merfolk javelineer The mass of ice explodes!
The iceblast engulfs the merfolk javelineer!
The merfolk javelineer is moderately wounded.
The merfolk javelineer throws a javelin.
The javelin pierces through you!
* * * LOW HITPOINT WARNING * * *
As you read the scroll labelled UQECVYRPHOEST, it crumbles to dust.
Magic quickly surges around you.
It was a scroll of vulnerability.
The merfolk javelineer throws a javelin.
The javelin pierces through you!
* * * LOW HITPOINT WARNING * * *
As you read the scroll of teleportation, it crumbles to dust.
You feel strangely unstable.
The merfolk javelineer throws a javelin.
The javelin pierces through you!
You die...

≈≈≈≈≈≈≈≈≈≈.....
≈≈≈≈m≈≈≈≈≈≈≈...≈.
≈≈≈m≈≈≈≈≈≈≈≈≈...≈
≈≈≈≈≈≈≈≈≈(...≈...
≈≈≈≈≈....†........
≈≈≈≈..##...........
≈≈≈≈..##...≈..≈≈≈≈≈≈..≈P
≈≈≈≈......##.......≈≈≈PP
≈≈≈≈...@..##.........≈≈P
≈≈≈≈....###.....≈≈≈..≈≈≈
≈≈≈≈≈....##...≈.≈≈≈≈≈≈≈≈
≈≈≈≈≈≈.}......≈≈≈≈≈..≈≈≈
≈≈≈≈≈≈≈......≈≈≈.≈....≈≈
≈≈≈≈≈≈≈≈......≈≈.......≈
≈≈≈≈≈≈≈.......≈....###..
≈≈≈≈≈≈≈≈.........### #..
≈≈≈≈≈≈≈≈≈≈≈.......####.≈


You could see a merfolk javelineer (very poisoned, weak-willed).

Vanquished Creatures
  A boulder beetle (Lair:3)
  4 hydras (Lair:3)
  A merfolk avatar (Shoals:1)
  A two-headed ogre (D:7)
  4 death yaks (Lair:4)
  Urug (Lair:2)
  Sonja (Lair:2)
  Pikel (D:6)
  8 harpies (Shoals:1)
  4 manticores (Shoals:1)
  4 elephants
  5 black mambas
  A merfolk siren (Shoals:1)
  A guardian serpent (Lair:3)
  2 rime drakes
  2 water nymphs
  11 cane toads
  5 komodo dragons
  3 polar bears
  4 merfolk (Shoals:1)
  A wind drake (Shoals:1)
  Prince Ribbit (Lair:2)
  7 blink frogs
  A dream sheep (Lair:3)
  4 snapping turtles (Shoals:1)
  A water elemental (Shoals:1)
  A spriggan (Lair:2)
  6 wyverns
  4 basilisks
  35 yaks
  A fire elemental (Lair:4)
  4 nagas (Lair:3)
  15 water moccasins
  2 orc warriors
  2 black bears
  16 wolves
  3 centaurs
  3 lemures
  2 kobold brigands
  A gnoll sergeant (D:9)
  14 bullfrogs
  A wyvern zombie (D:7)
  3 scorpions
  14 killer bees
  8 wights
  A jelly (D:7)
  5 orc priests
  A hound (D:4)
  A gnoll shaman (D:9)
  2 centaur skeletons
  Jessica (D:2)
  2 iguanas
  5 orc wizards
  Natasha (thrice) (D:2)
  A killer bee zombie (D:5)
  A hound skeleton (D:4)
  7 adders
  13 gnolls
  4 shadow imps
  A white imp (D:7)
  An ufetubus (D:5)
  4 worms
  2 dart slugs
  17 orcs
  7 endoplasms
  12 giant cockroaches
  12 goblins
  7 hobgoblins
  2 jackals (Sewer)
  9 quokkas
  6 ball pythons
  7 bats
  6 frilled lizards
  14 kobolds
  2 rats
370 creatures vanquished.

Vanquished Creatures (collateral kills)
  Rupert (Lair:3)
  The ghost of Musti the Fencer, an adept MiFi of Okawaru (Lair:2)
  A manticore (Shoals:1)
  A cane toad (Lair:1)
  4 yaks
  A wyvern (Lair:1)
  A naga (Lair:3)
  A centaur (Lair:2)
  2 wolves (Lair:2)
  A kobold brigand (D:9)
  An orc priest (D:8)
  A howler monkey zombie (D:9)
  A gnoll (D:9)
  An orc (D:8)
  3 kobolds
21 creatures vanquished.

Vanquished Creatures (others)
  24 fungi
  64 plants
88 creatures vanquished.

Grand Total: 479 creatures vanquished

Notes
Turn   | Place    | Note
-------+----------+-------------------------------------------
     0 | D:1      | Dabor the Naga Berserker began the quest for the Orb.
     0 | D:1      | Reached XP level 1. HP: 21/21 MP: 1/1
   211 | D:1      | Reached XP level 2. HP: 28/28 MP: 2/2
   246 | D:1      | Reached skill level 1 in Stealth
   461 | D:1      | Found a faded altar of an unknown god.
  1216 | D:1      | Reached XP level 3. HP: 15/34 MP: 3/3
  1526 | D:2      | Reached skill level 2 in Stealth
  1531 | D:2      | Reached XP level 4. HP: 42/42 MP: 4/4
  2051 | D:2      | Reached ** piety under Trog
  2868 | D:2      | Noticed Jessica
  2869 | D:2      | Noticed Natasha
  2878 | D:2      | Killed Natasha
  2879 | D:2      | Reached XP level 5. HP: 49/49 MP: 5/5
  2885 | D:2      | Killed Jessica
  2886 | D:2      | Reached skill level 3 in Stealth
  3118 | D:2      | Noticed Natasha
  3127 | D:2      | Killed Natasha
  3128 | D:2      | Reached skill level 1 in Throwing
  3205 | D:2      | Noticed Natasha
  3211 | D:2      | Killed Natasha
  3485 | D:3      | Found a shimmering altar of Xom.
  3813 | D:3      | Reached XP level 6. HP: 55/57 MP: 6/6
  4667 | D:4      | Noticed a black bear
  4674 | D:4      | Killed a black bear
  4831 | D:4      | Reached skill level 4 in Stealth
  4966 | D:4      | Found a sacrificial altar of Ru.
  5473 | D:4      | Reached XP level 7. HP: 42/64 MP: 7/7
  5931 | D:4      | Identified a scroll of acquirement
  5931 | D:4      | Acquired a +1 barding of stealth
  5950 | D:5      | Entered Level 5 of the Dungeon
  6020 | D:5      | Found a glowing drain.
  6050 | Sewer    | Entered a sewer
  6070 | Sewer    | Reached *** piety under Trog
  6368 | D:5      | Reached skill level 5 in Stealth
  6576 | D:5      | Reached XP level 8. HP: 62/73 MP: 8/8
  7117 | D:5      | Found a snail-covered altar of Cheibriados.
  7308 | D:6      | Reached skill level 5 in Fighting
  7308 | D:6      | Reached skill level 5 in Axes
  7308 | D:6      | Reached skill level 6 in Stealth
  8081 | D:6      | Found a white marble altar of Elyvilon.
  8130 | D:6      | Found a staircase to the Ecumenical Temple.
  8161 | D:6      | Found a sparkling altar of Nemelex Xobeh.
  8331 | D:6      | Noticed Pikel
  8343 | D:7      | Found a bloodstained altar of Trog.
  8704 | D:6      | Killed Pikel
  8705 | D:6      | Reached skill level 7 in Stealth
  8705 | D:6      | Reached XP level 9. HP: 81/82 MP: 9/9
  9253 | D:7      | Found a shimmering blue altar of Sif Muna.
  9728 | D:6      | Found a burning altar of Makhleb.
  9789 | D:8      | Noticed a two-headed ogre
  9815 | D:7      | Killed a two-headed ogre
  9816 | D:7      | Reached skill level 8 in Stealth
 10263 | D:8      | Found Fozxeis's Weapon Shoppe.
 10308 | D:8      | Found Niewace's Antique Armour Shop.
 10340 | D:8      | Reached XP level 10. HP: 92/92 MP: 10/10
 10449 | D:8      | Found Intercher's Distillery.
 10452 | D:8      | Bought a potion of heal wounds for 75 gold pieces
 10452 | D:8      | Bought a potion of haste for 150 gold pieces
 10452 | D:8      | Bought a potion of degeneration for 15 gold pieces
 10489 | D:8      | Reached **** piety under Trog
 10681 | D:8      | Found a broken altar of Ashenzari.
 10687 | D:8      | Found a radiant altar of Vehumet.
 10687 | D:8      | Found an iron altar of Okawaru.
 10808 | D:8      | Reached skill level 5 in Armour
 10808 | D:8      | Reached skill level 9 in Stealth
 11038 | D:8      | Reached skill level 5 in Dodging
 11662 | D:8      | Reached skill level 5 in Throwing
 12174 | D:9      | Found a staircase to the Lair.
 12788 | D:9      | Noticed a +0 spear
 12789 | D:9      | Noticed a +0 dagger
 12789 | D:9      | Noticed a +0 short sword
 12789 | D:9      | Noticed a +0 dagger
 12794 | D:9      | Noticed a +0 falchion
 12795 | D:9      | Noticed a +0 falchion
 12795 | D:9      | Noticed a +0 short sword
 12796 | D:9      | Noticed a +0 spear
 12797 | D:9      | Found a hide-covered altar of Uskayaw.
 13616 | D:9      | Reached skill level 10 in Stealth
 13635 | D:9      | Reached XP level 11. HP: 22/100 MP: 11/11
 14344 | D:9      | Identified the +2 leather armour "Dioston" {Str+3}
 14844 | Lair:1   | Entered Level 1 of the Lair of Beasts
 15218 | Lair:1   | Reached skill level 1 in Shields
 15976 | Lair:1   | Reached skill level 11 in Stealth
 16848 | D:8      | Bought a potion of curing for 45 gold pieces
 16953 | Lair:1   | Reached XP level 12. HP: 56/110 MP: 12/12
 17716 | Lair:2   | Noticed Sonja
 17723 | Lair:2   | Killed Sonja
 17724 | Lair:2   | Reached skill level 10 in Axes
 17734 | Lair:3   | Noticed Prince Ribbit
 17749 | Lair:2   | Killed Prince Ribbit
 17927 | Lair:2   | Reached ***** piety under Trog
 18498 | Lair:2   | Noticed Urug
 18513 | Lair:2   | Killed Urug
 18520 | Lair:2   | Reached skill level 12 in Stealth
 19510 | Lair:3   | HP: 8/168 [komodo dragon (11)]
 20187 | Lair:3   | Noticed a seven-headed hydra
 20198 | Lair:3   | Killed a seven-headed hydra
 20449 | Lair:3   | Noticed a five-headed hydra
 20459 | Lair:3   | Killed a five-headed hydra
 20460 | Lair:3   | Gained mutation: You can use your snake-like lower body to
                  | constrict enemies. [Naga growth]
 20460 | Lair:3   | Reached XP level 13. HP: 87/121 MP: 13/13
 21112 | Lair:3   | Noticed Musti's ghost (adept MiFi)
 21113 | Lair:3   | Found a runed translucent gate.
 21113 | Lair:3   | Found a runed translucent gate.
 21113 | Lair:3   | Found a runed translucent gate.
 21145 | Lair:3   | Noticed Rupert
 21155 | Lair:3   | Killed Rupert
 21156 | Lair:3   | Reached skill level 13 in Stealth
 21427 | Lair:3   | Found a staircase to the Snake Pit.
 23099 | Lair:4   | Found a transporter.
 23540 | Lair:4   | Reached skill level 5 in Shields
 23565 | Lair:4   | Found a staircase to the Shoals.
 23839 | D:8      | Bought the +7 hand axe "Wytehep" {vamp, rPois rC+ Str+4}
                  | for 776 gold pieces
 24328 | Lair:2   | Killed Musti's ghost
 24559 | Snake:1  | Entered Level 1 of the Snake Pit
 24716 | Snake:1  | Noticed a naga warrior
 24931 | Shoals:1 | Entered Level 1 of the Shoals
 24941 | Lair:4   | Reached skill level 1 in Evocations
 25262 | Shoals:1 | Reached XP level 14. HP: 109/130 MP: 14/14
 25388 | Shoals:1 | Reached skill level 10 in Fighting
 25435 | Shoals:1 | Reached skill level 14 in Stealth
 25855 | Shoals:1 | Identified the +1 robe "Memn" {rF+ MP+9 Int+2}
 26260 | Shoals:1 | HP: 4/132 [merfolk javelineer/javelin (25)]
 26274 | Shoals:1 | HP: 4/132 [barbs]
 26279 | Shoals:1 | HP: 2/132 [barbs]
 27112 | Shoals:1 | Hit by a javelin thrown by a merfolk javelineer

Illustrated notes

Levels and vault maps discovered:
D:1:      dpeg_arrival_tiny_d, layout_rooms, basic_ecumenical_altar
D:2:      layout_basic, minmay_bisected, uniq_natasha, uniq_jessica
D:3:      layout_basic, xom_teletrap_fun, minmay_pentangle
D:4:      cheibrodos_greedy_goblins, layout_gridville,
          nicolae_ru_great_annihilating_truth
D:5:      layout_rooms, kennysheep_mini, gup_sewer_entry_pipe
D:6:      layout_rooms, mainiacjoe_overflow_tiny_flanked,
          mainiacjoe_overflow_chevrons, lightli_temple_of_fire,
          minmay_temple_entry_proselytizer, minmay_misc_feat_iff, uniq_pikel
D:7:      layout_cave_pools, led_sif_pool, trog_three_pillars_becter,
          nrook_loot_triangle, lemuel_old_faithful
D:8:      layout_cave_pools, gammafunk_temple_overflow_forgotten, serial_shops,
          nicolae_take_the_stairs, nicolae_shop_overgrown_old_shop,
          kennysheep_mini_moat
D:9:      layout_stronghold, nicolae_uskayaw_en_pointe, minmay_lair_entry_grove
Lair:1:   layout_roguey, guppyfry_lair_drakes
Lair:2:   layout_cave_pods, forest_entry_grove, grunt_megastairs_1, uniq_urug,
          uniq_sonja
Lair:3:   layout_layer_cave, minmay_snake_entry_guardpost_medium,
          gammafunk_ghost_split, minmay_shattered_shrine, uniq_rupert,
          uniq_prince_ribbit2
Lair:4:   gammafunk_cloud_chamber, layout_gridlike,
          minmay_shoals_entry_centaurs, beast_lair_carwin_3
Shoals:1: layout_shoals
Shoals:2: layout_shoals, nicolae_shoals_siren_and_animal_friends,
          uniq_polyphemus
Snake:1:  layout_layer_cave, uniq_asterion

Skill      XL: |  1  2  3  4  5  6  7  8  9 10 11 12 13 14 |
---------------+-------------------------------------------+-----
Stealth        | 1 2 3 4 5 7 8 10 11 12 13 14 | 14.1
Armour         | 2 3 4 5 6 7 8 |  8.2
Dodging        | 2 3 4 5 6 7 8 |  8.3
Throwing       | 1 2 3 4 5 6 |  6.0
Fighting       | 4 5 6 7 8 9 10 | 10.1
Axes           | 4 5 6 8 9 11 12 | 12.6
Shields        | 2 4 5 |  5.6
Evocations     | 1 2 |  2.4

Action                   |  1- 3 |  4- 6 |  7- 9 | 10-12 | 13-15 || total
-------------------------+-------+-------+-------+-------+-------++-------
Melee: Hand axe          |    51 |   243 |   125 |       |   185 ||   604
       Spear             |       |       |   298 |   837 |       ||  1135
       Demon trident     |       |       |       |    49 |   241 ||   290
       Constrict         |       |       |       |       |    60 ||    60
Throw: Boomerang         |       |     3 |     4 |       |     1 ||     8
       Dart              |       |       |    22 |    86 |   158 ||   266
       Javelin           |       |       |     9 |       |     2 ||    11
       Throwing net      |       |       |       |       |     2 ||     2
Invok: Berserk           |     3 |     9 |    13 |    31 |    13 ||    69
       Trog's Hand       |       |     1 |     7 |     3 |     7 ||    18
       Brothers in Arms  |       |       |       |     5 |     2 ||     7
 Abil: Spit Poison       |     2 |     4 |     6 |     3 |     4 ||    19
Evoke: Wand              |       |       |       |     1 |     4 ||     5
       Box of beasts     |       |       |       |       |     1 ||     1
  Use: Scroll            |       |    18 |     5 |    10 |    10 ||    43
       Potion            |       |       |     6 |     3 |     6 ||    15
 Stab: Paralysed         |       |     2 |       |       |       ||     2
       Invisible         |       |     1 |       |       |       ||     1
       Distracted        |       |       |       |     3 |     3 ||     6
       Sleeping          |       |       |       |     4 |       ||     4
Armor: Animal skin       |     3 |       |       |       |       ||     3
       Chain mail        |     7 |   122 |    59 |   705 |   311 ||  1204
       Plate armour      |       |     7 |   330 |       |       ||   337
       Skin              |       |       |       |       |     8 ||     8
Dodge: Dodged            |    28 |    83 |   100 |   163 |   104 ||   478
Block: Kite shield       |       |       |       |   207 |   182 ||   389

Table legend: (Time is in decaauts)
 A = Elapsed time spent in this place.
 B = Non-inter-level travel time spent in this place.
 C = Inter-level travel time spent in this place.
 D = Time resting spent in this place.
 E = Time spent auto-exploring this place.
 F = Levels seen in this place.
 G = Mean time per level.
                   A        B        C        D        E       F      G
               +--------+--------+--------+--------+--------+-----+--------+
         Total |  31527 |  29990 |   1537 |  12800 |  10457 |  17 | 1854.5 |
       Dungeon |  17504 |  16493 |   1011 |   6889 |   6750 |   9 | 1944.9 |
          Lair |  11825 |  11300 |    525 |   4991 |   3401 |   4 | 2956.2 |
        Shoals |   1907 |   1907 |      0 |    864 |    203 |   2 |  953.5 |
     Snake Pit |     21 |     21 |      0 |      0 |      0 |   1 |   21.0 |
         Sewer |    267 |    267 |      0 |     55 |    101 |   1 |  267.0 |
               +--------+--------+--------+--------+--------+-----+--------+

Top non-repeatable levels by time:
  Lair:3: 3945 daAuts
  Lair:2: 3242 daAuts
     D:9: 3133 daAuts
  Lair:1: 2960 daAuts
     D:8: 2436 daAuts
     D:2: 2360 daAuts
Shoals:1: 1905 daAuts
     D:7: 1858 daAuts
     D:5: 1758 daAuts
  Lair:4: 1677 daAuts
     D:1: 1634 daAuts
     D:3: 1587 daAuts
     D:4: 1582 daAuts
     D:6: 1153 daAuts
   Sewer: 267 daAuts
